Minnesota North Stars vs Arizona Coyotes

Created - Sunday, October 26, 2025 at 08:49

Goals
1 2 3 OT1 T
Minnesota North Stars 0 1 1 1 3
Arizona Coyotes 1 0 1 0 2
Shots
1 2 3 OT1 T
Minnesota North Stars 9 15 7 1 32
Arizona Coyotes 11 10 6 1 28

1st period

1. Arizona Coyotes , Mats Zuccarello 25 (Aliaksei Protas 39, Tyler Bertuzzi 30) at 17:57

Penalties :
Tyler Seguin (AZC) for Hooking (Minor) at 9:58, Niko Mikkola (MNS) for High sticking (Minor) at 12:54

2nd period

2. Minnesota North Stars , William Eklund 20 (Jonathan Marchessault 26, Erik Cernak 10) at 12:37

Penalties :
Kiefer Sherwood (AZC) for Slashing (Minor) at 12:54

3rd period

3. Arizona Coyotes , Ryan Donato 23 (Anthony DeAngelo 9, Elvis Merzlikins) at 8:19
4. Minnesota North Stars , Niko Mikkola 3 (Jonathan Marchessault 27, William Eklund 35) at 17:08

Penalties :
Johnathan Kovacevic (AZC) for Slashing (Minor) at 2:26, Frank Vatrano (MNS) for Holding (Minor) at 8:22, Johnathan Kovacevic (AZC) for Roughing (Minor) at 12:05

Overtime #1

5. Minnesota North Stars , Jack Hughes 29 (Neal Pionk 17, Rasmus Dahlin 18) at 0:29

Penalties :
No Penalty

Goalie Stats

Charlie Lindgren (MNS), 26 saves from 28 shots - (0.929), W, 8-18-3, 60:29 minutes
Elvis Merzlikins (AZC), 29 saves from 32 shots - (0.906), OTL, 28-16-4, 60:29 minutes

Players Stats for Minnesota North Stars

Player Name              G  A  P  +/- PIM S  H  SB GA TA FO     MP     PP MP  PK MP  
------------------------------------------------------------------------------------
Brock Nelson             0  0  0   1  0   3  1  0  1  0  11/13  17:47   4:05   0:00 
Erik Cernak              0  1  1   1  0   1  4  2  0  1  0/0    17:43   0:00   1:50 
Evgeni Malkin            0  0  0  -1  0   1  0  0  0  0  2/2    15:44   4:05   0:00 
Frank Vatrano            0  0  0  -1  2   5  2  0  1  0  1/1    12:26   0:00   1:00 
Gustav Forsling          0  0  0  -1  0   0  1  2  0  0  0/0    21:32   3:46   1:51 
Ivan Barbashev           0  0  0   0  0   1  3  0  0  0  0/0    10:32   0:00   0:00 
Jack Hughes              1  0  1   0  0   3  0  0  1  0  7/21   15:51   3:51   0:00 
Jonathan Marchessault    0  2  2   1  0   3  3  0  0  1  0/0    18:22   3:51   0:52 
Kent Johnson             0  0  0   0  0   2  0  0  0  0  0/1    12:46   0:00   0:30 
Matt Roy                 0  0  0   0  0   1  0  1  0  1  0/0    21:58   4:10   2:07 
Mattias Janmark          0  0  0   0  0   2  0  0  0  0  0/0    12:34   0:00   1:57 
Neal Pionk               0  1  1   2  0   2  2  1  0  0  0/0    21:05   3:46   0:01 
Niko Mikkola             1  0  1  -1  2   1  2  1  0  0  0/0    16:57   0:00   1:08 
Rasmus Dahlin            0  1  1   1  0   2  1  0  0  0  0/0    21:47   4:10   0:59 
Ryan Nugent-Hopkins      0  0  0   0  0   1  2  0  0  0  6/11   14:04   0:00   1:50 
Valeri Nichushkin        0  0  0   1  0   2  2  0  1  0  0/0    16:55   3:51   0:13 
William Eklund           1  1  2   1  0   2  0  0  0  0  0/1    17:47   4:05   0:00 
William Karlsson         0  0  0   0  0   0  0  0  0  0  3/4    12:06   0:00   1:34 

Players Stats for Arizona Coyotes

Player Name              G  A  P  +/- PIM S  H  SB GA TA FO     MP     PP MP  PK MP  
------------------------------------------------------------------------------------
Aliaksei Protas          0  1  1   1  0   3  0  0  1  0  2/10   17:47   1:22   3:37 
Anthony DeAngelo         0  1  1   1  0   0  0  1  0  0  0/0    14:55   0:00   0:00 
Brayden McNabb           0  0  0  -1  0   1  0  2  0  0  0/0    22:12   2:18   4:13 
Brock McGinn             0  0  0   0  0   1  1  0  0  0  0/0     6:52   0:00   0:00 
Charlie Coyle            0  0  0  -3  0   2  1  0  0  1  16/29  20:46   2:13   4:04 
Erik Haula               0  0  0   0  0   0  1  0  0  0  1/2    11:07   0:00   1:01 
Jani Hakanpaa            0  0  0   1  0   0  1  0  0  1  0/0    15:17   0:00   1:02 
Jared Spurgeon           0  0  0  -1  0   1  1  2  0  1  0/0    22:27   2:18   4:01 
Johnathan Kovacevic      0  0  0  -1  4   2  0  4  0  1  0/0    22:29   1:40   2:06 
Kiefer Sherwood          0  0  0   1  2   5  1  1  0  0  1/1    12:15   0:12   0:00 
Mason McTavish           0  0  0   1  0   3  4  0  0  0  1/5    16:47   1:43   0:34 
Mats Zuccarello          1  0  1   1  0   2  1  0  2  0  0/0    13:28   1:43   0:00 
Ondrej Palat             0  0  0   0  0   1  0  0  0  0  0/0     6:52   0:00   0:00 
Radko Gudas              0  0  0  -1  0   0  1  0  0  0  0/0    23:42   1:40   4:30 
Ross Colton              0  0  0   1  0   0  2  0  0  0  0/0    11:13   0:00   0:00 
Ryan Donato              1  0  1  -2  0   3  1  0  0  0  2/4    20:31   2:00   3:37 
Tyler Bertuzzi           0  1  1   1  0   2  0  1  0  0  1/2    14:42   0:28   0:00 
Tyler Seguin             0  0  0  -3  2   2  1  0  0  0  0/1    20:34   2:13   2:59 

3 Stars

1 - William Eklund (MNS)
2 - Jonathan Marchessault (MNS)
3 - Erik Cernak (MNS)

Power Play

Minnesota North Stars - 0 on 4 Attempt(s) - 0.00%
Arizona Coyotes - 0 on 2 Attempt(s) - 0.00%

Penalty Kill

Minnesota North Stars - 2 on 2 Attempt(s) - 100.00% - Score 0 goal in Penalty Kill
Arizona Coyotes - 4 on 4 Attempt(s) - 100.00% - Score 0 goal in Penalty Kill

Team Stat

Minnesota North Stars - Hits : 23 - Faceoff Wins : 30 - Blocked Shots : 7 - Penalty Minutes : 4
Arizona Coyotes - Hits : 16 - Faceoff Wins : 24 - Blocked Shots : 11 - Penalty Minutes : 8

Official

Referees : Beaudry Halkidis and Chris Lee
Linesman : Ryan Daisy and Dan Kelly

Game Notes

No Game Note

Finance

Level 1 -- Attendance: 5689 (94.82%) -- Ticket Income $512,010
Level 2 -- Attendance: 5000 (100.00%) -- Ticket Income $250,000
Level 3 -- Attendance: 3000 (100.00%) -- Ticket Income $84,000
Level 4 -- Attendance: 4532 (90.64%) -- Ticket Income $90,640
Luxury Box -- Attendance: 946 (94.60%) -- Ticket Income $179,740
Game was played at the Gila River Arena.
Total Attendance: 19167 (95.84%)
Total Ticket Income: $1,116,390
Other Income: $390,736
Total Income: $1,507,126

Minnesota North Stars

5 vs 5 Forward 
   Center                   Left Wing                Right Wing               Time % Phy DF OF 
 1 Ryan Nugent-Hopkins      Kent Johnson             Valeri Nichushkin        30     0   1  4  
 2 Jack Hughes              Evgeni Malkin            Frank Vatrano            30     0   1  4  
 3 Brock Nelson             William Eklund           Jonathan Marchessault    29     0   2  3  
 4 William Karlsson         Ivan Barbashev           Mattias Janmark          11     0   4  1  

5 vs 5 Defense 
   Defense                  Defense                                           Time % Phy DF OF 
 1 Rasmus Dahlin            Matt Roy                                          34     0   3  2  
 2 Neal Pionk               Erik Cernak                                       33     0   3  2  
 3 Gustav Forsling          Niko Mikkola                                      33     0   4  1  
 4 Rasmus Dahlin            Matt Roy                                          0      0   3  2  

PowerPlay Forward 
   Center                   Left Wing                Right Wing               Time % Phy DF OF 
 1 Jack Hughes              Jonathan Marchessault    Valeri Nichushkin        50     0   0  5  
 2 Evgeni Malkin            Brock Nelson             William Eklund           50     0   0  5  

PowerPlay Defense
   Defense                  Defense                                           Time % Phy DF OF 
 1 Rasmus Dahlin            Matt Roy                                          50     0   2  3  
 2 Gustav Forsling          Neal Pionk                                        50     0   2  3  

Penalty Kill 4 Players Forward 
   Center                   Wing                     Time % Phy DF OF 
 1 Ryan Nugent-Hopkins      Frank Vatrano            50     0   5  0  
 2 William Karlsson         Mattias Janmark          50     0   5  0  

Penalty Kill 4 Players Defense
   Defense                  Defense                  Time % Phy DF OF 
 1 Erik Cernak              Gustav Forsling          50     0   5  0  
 2 Matt Roy                 Niko Mikkola             50     0   5  0  

Penalty Kill - 3 Players Forward 
   Forward                                           Time % Phy DF OF 
 1 Ryan Nugent-Hopkins                               50     0   5  0  
 2 Mattias Janmark                                   50     0   5  0  

Penalty Kill - 3 Players Defense
   Defense                  Defense                  Time % Phy DF OF 
 1 Matt Roy                 Erik Cernak              50     0   5  0  
 2 Gustav Forsling          Niko Mikkola             50     0   5  0  

4 vs 4 Forward 
   Center                   Wing                     Time % Phy DF OF 
 1 Jack Hughes              Valeri Nichushkin        50     0   2  3  
 2 Evgeni Malkin            Brock Nelson             50     0   2  3  

4 vs 4 Defense
   Defense                  Defense                  Time % Phy DF OF 
 1 Rasmus Dahlin            Neal Pionk               50     0   3  2  
 2 Gustav Forsling          Niko Mikkola             50     0   3  2  

Last Minutes Offensive
   Center                   Left Wing                Right Wing               Defense                  Defense                  
   Jack Hughes              Jonathan Marchessault    Valeri Nichushkin        Rasmus Dahlin            Gustav Forsling          

Last Minutes Defensive
   Center                   Left Wing                Right Wing               Defense                  Defense                  
   Ryan Nugent-Hopkins      Mattias Janmark          Valeri Nichushkin        Erik Cernak              Gustav Forsling          

Goaltenders
Starting : Charlie Lindgren         
Backup : Logan Thompson           

Extra Forwards
Normal : William Karlsson, Ivan Barbashev, Mattias Janmark - PP : William Eklund, Jonathan Marchessault - PK : Jonathan Marchessault
Extra Defensemen
Normal : Niko Mikkola, Gustav Forsling, Neal Pionk - PP : Neal Pionk - PK : Niko Mikkola, Gustav Forsling
Penalty Shots
William Eklund, Jonathan Marchessault, Valeri Nichushkin, Evgeni Malkin, Ryan Nugent-Hopkins

Scratches
Lawson Crouse (Healthy), Dylan DeMelo (Healthy)

Arizona Coyotes

5 vs 5 Forward 
   Center                   Left Wing                Right Wing               Time % Phy DF OF 
 1 Charlie Coyle            Ryan Donato              Tyler Seguin             30     1   2  2  
 2 Aliaksei Protas          Mats Zuccarello          Tyler Bertuzzi           30     1   2  2  
 3 Mason McTavish           Kiefer Sherwood          Ross Colton              27     1   2  2  
 4 Erik Haula               Brock McGinn             Ondrej Palat             13     1   2  2  

5 vs 5 Defense 
   Defense                  Defense                                           Time % Phy DF OF 
 1 Radko Gudas              Johnathan Kovacevic                               38     1   2  2  
 2 Brayden McNabb           Jared Spurgeon                                    37     1   2  2  
 3 Anthony DeAngelo         Jani Hakanpaa                                     25     1   2  2  
 4 Radko Gudas              Johnathan Kovacevic                               0      1   2  2  

PowerPlay Forward 
   Center                   Left Wing                Right Wing               Time % Phy DF OF 
 1 Charlie Coyle            Ryan Donato              Tyler Seguin             50     1   1  3  
 2 Mason McTavish           Mats Zuccarello          Aliaksei Protas          50     1   1  3  

PowerPlay Defense
   Defense                  Defense                                           Time % Phy DF OF 
 1 Radko Gudas              Johnathan Kovacevic                               50     1   2  2  
 2 Brayden McNabb           Jared Spurgeon                                    50     1   2  2  

Penalty Kill 4 Players Forward 
   Center                   Wing                     Time % Phy DF OF 
 1 Charlie Coyle            Tyler Seguin             50     1   3  1  
 2 Ryan Donato              Aliaksei Protas          50     1   3  1  

Penalty Kill 4 Players Defense
   Defense                  Defense                  Time % Phy DF OF 
 1 Radko Gudas              Johnathan Kovacevic      55     1   3  1  
 2 Brayden McNabb           Jared Spurgeon           45     1   3  1  

Penalty Kill - 3 Players Forward 
   Forward                                           Time % Phy DF OF 
 1 Charlie Coyle                                     50     1   3  1  
 2 Tyler Seguin                                      50     1   3  1  

Penalty Kill - 3 Players Defense
   Defense                  Defense                  Time % Phy DF OF 
 1 Radko Gudas              Johnathan Kovacevic      50     1   3  1  
 2 Brayden McNabb           Jared Spurgeon           50     1   3  1  

4 vs 4 Forward 
   Center                   Wing                     Time % Phy DF OF 
 1 Charlie Coyle            Tyler Seguin             50     1   1  3  
 2 Ryan Donato              Aliaksei Protas          50     1   1  3  

4 vs 4 Defense
   Defense                  Defense                  Time % Phy DF OF 
 1 Radko Gudas              Johnathan Kovacevic      50     1   3  1  
 2 Brayden McNabb           Jared Spurgeon           50     1   3  1  

Last Minutes Offensive
   Center                   Left Wing                Right Wing               Defense                  Defense                  
   Charlie Coyle            Ryan Donato              Tyler Seguin             Radko Gudas              Johnathan Kovacevic      

Last Minutes Defensive
   Center                   Left Wing                Right Wing               Defense                  Defense                  
   Charlie Coyle            Ryan Donato              Tyler Seguin             Radko Gudas              Johnathan Kovacevic      

Goaltenders
Starting : Elvis Merzlikins         
Backup : Tristan Jarry            

Extra Forwards
Normal : Mason McTavish, Tyler Bertuzzi, Erik Haula - PP : Mason McTavish, Tyler Bertuzzi - PK : Erik Haula
Extra Defensemen
Normal : Anthony DeAngelo, Radko Gudas, Brayden McNabb - PP : Anthony DeAngelo - PK : Johnathan Kovacevic, Brayden McNabb
Penalty Shots
Charlie Coyle, Tyler Seguin, Ryan Donato, Aliaksei Protas, Mats Zuccarello

Scratches
Matt Dumba (Healthy)

% Time on Ice - Minnesota North Stars

Lines # - Real PCT - Wanted PCT - Time Play
Normal Forward
1 - 27% - 30% - 12:47
2 - 24% - 30% - 11:39
3 - 28% - 29% - 13:28
4 - 21% - 11% - 10:12
Normal Defense
1 - 33% - 34% - 15:39
2 - 34% - 33% - 16:21
3 - 32% - 33% - 15:36
4 - 1% - 0% - 0:30
PP Forward
1 - 49% - 50% - 3:51
2 - 51% - 50% - 4:05
PP Defense
1 - 53% - 50% - 4:10
2 - 47% - 50% - 3:46
PK Forward
1 - 59% - 50% - 2:21
2 - 41% - 50% - 1:37
PK Defense
1 - 46% - 50% - 1:50
2 - 54% - 50% - 2:08
PK3 Forward
1 - 0% - 50%
2 - 0% - 50%
PK3 Defense
1 - 0% - 50%
2 - 0% - 50%
44 Forward
1 - 100% - 50% - 0:29
2 - 0% - 50% - 0:00
44 Defense
1 - 100% - 50% - 0:29
2 - 0% - 50% - 0:00
Last Minute Offensive  - 0:00
Last Minute Defensive  - 0:00
Total
Forward - 60:29
Defense - 60:29

% Time on Ice - Arizona Coyotes

Lines # - Real PCT - Wanted PCT - Time Play
Normal Forward
1 - 30% - 30% - 14:32
2 - 32% - 30% - 15:29
3 - 23% - 27% - 11:13
4 - 14% - 13% - 6:52
Normal Defense
1 - 40% - 38% - 19:00
2 - 32% - 37% - 15:18
3 - 29% - 25% - 13:48
4 - 0% - 0% - 0:00
PP Forward
1 - 56% - 50% - 2:13
2 - 44% - 50% - 1:45
PP Defense
1 - 42% - 50% - 1:40
2 - 58% - 50% - 2:18
PK Forward
1 - 51% - 50% - 4:04
2 - 49% - 50% - 3:52
PK Defense
1 - 70% - 55% - 5:32
2 - 30% - 45% - 2:24
PK3 Forward
1 - 0% - 50%
2 - 0% - 50%
PK3 Defense
1 - 0% - 50%
2 - 0% - 50%
44 Forward
1 - 100% - 50% - 0:29
2 - 0% - 50% - 0:00
44 Defense
1 - 100% - 50% - 0:29
2 - 0% - 50% - 0:00
Last Minute Offensive  - 0:00
Last Minute Defensive  - 0:00
Total
Forward - 60:29
Defense - 60:29

Play-by-Play

1st period


0:01 of 1st period - Charlie Coyle wins face-off versus Ryan Nugent-Hopkins in neutral zone.
0:26 of 1st period - Mats Zuccarello is hit by Rasmus Dahlin.
0:56 of 1st period - Snap shot by Jonathan Marchessault.
0:56 of 1st period - Stopped by Elvis Merzlikins with a rebound.
1:14 of 1st period - Snap shot by Erik Haula.
1:14 of 1st period - Shot Misses the Net.
1:50 of 1st period - Gustav Forsling is hit by Jani Hakanpaa.
2:41 of 1st period - Slapshot by Frank Vatrano.
2:41 of 1st period - Stopped by Elvis Merzlikins without a rebound.
2:42 of 1st period - Ryan Nugent-Hopkins wins face-off versus Aliaksei Protas in Arizona Coyotes zone.
2:49 of 1st period - Wrist shot by Tyler Bertuzzi.
2:49 of 1st period - Stopped by Charlie Lindgren with a rebound.
2:51 of 1st period - Backhand shot by Brayden McNabb.
2:51 of 1st period - Shot Misses the Net.
3:06 of 1st period - Off-side.
3:07 of 1st period - Brock Nelson wins face-off versus Mason McTavish in neutral zone.
3:34 of 1st period - Charlie Coyle is hit by Neal Pionk and loses puck.
6:02 of 1st period - Snap shot by Kiefer Sherwood.
6:02 of 1st period - Deflect By Mason McTavish.
6:02 of 1st period - Stopped by Charlie Lindgren with a rebound.
6:04 of 1st period - Wrist shot by Kiefer Sherwood.
6:04 of 1st period - Stopped by Charlie Lindgren with a rebound.
6:06 of 1st period - Snap shot by Kiefer Sherwood.
6:06 of 1st period - Deflect By Mason McTavish.
6:06 of 1st period - Shot Misses the Net.
6:06 of 1st period - Puck is out of play.
6:07 of 1st period - Charlie Coyle wins face-off versus Jack Hughes in Minnesota North Stars zone.
6:08 of 1st period - Wrist shot by Ryan Donato.
6:08 of 1st period - Shot Blocked by Erik Cernak.
6:20 of 1st period - Wrist shot by Jack Hughes.
6:20 of 1st period - Stopped by Elvis Merzlikins with a rebound.
7:30 of 1st period - Erik Cernak is hit by Mats Zuccarello and loses puck.
7:52 of 1st period - William Eklund is hit by Brock McGinn and loses puck.
8:03 of 1st period - Charlie Coyle is hit by Ryan Nugent-Hopkins and loses puck.
8:16 of 1st period - Tyler Bertuzzi is hit by Ivan Barbashev and loses puck.
8:37 of 1st period - Aliaksei Protas is hit by Neal Pionk and loses puck.
9:08 of 1st period - Ondrej Palat is hit by Frank Vatrano and loses puck.
9:23 of 1st period - Wrist shot by Charlie Coyle.
9:23 of 1st period - Stopped by Charlie Lindgren with a rebound.
9:43 of 1st period - Slapshot by Kent Johnson.
9:43 of 1st period - Shot Misses the Net.
9:45 of 1st period - Wrist shot by Ryan Nugent-Hopkins.
9:45 of 1st period - Shot Blocked by Johnathan Kovacevic.
9:47 of 1st period - Slapshot by Erik Cernak.
9:47 of 1st period - Stopped by Elvis Merzlikins with a rebound.
9:49 of 1st period - Slapshot by Neal Pionk.
9:49 of 1st period - Stopped by Elvis Merzlikins with a rebound.
9:51 of 1st period - Slapshot by Erik Cernak.
9:51 of 1st period - Shot Blocked by Johnathan Kovacevic.
9:53 of 1st period - Slapshot by Neal Pionk.
9:53 of 1st period - Stopped by Elvis Merzlikins without a rebound.
9:54 of 1st period - Jack Hughes wins face-off versus Charlie Coyle in Arizona Coyotes zone.
9:58 of 1st period - Minor Penalty to Tyler Seguin for Hooking.
9:59 of 1st period - Charlie Coyle wins face-off versus Jack Hughes in Arizona Coyotes zone.
10:59 of 1st period - Icing by Jack Hughes.
11:00 of 1st period - Ryan Donato wins face-off versus Jack Hughes in Minnesota North Stars zone.
11:58 of 1st period - Penalty to Tyler Seguin is over, Tyler Seguin is back on ice.
12:27 of 1st period - Backhand shot by Brayden McNabb.
12:27 of 1st period - Stopped by Charlie Lindgren with a rebound.
12:41 of 1st period - Snap shot by Ryan Donato.
12:41 of 1st period - Shot Misses the Net.
12:43 of 1st period - Snap shot by Aliaksei Protas.
12:43 of 1st period - Stopped by Charlie Lindgren with a rebound.
12:49 of 1st period - Snap shot by Aliaksei Protas.
12:49 of 1st period - Stopped by Charlie Lindgren with a rebound.
12:51 of 1st period - Snap shot by Ryan Donato.
12:51 of 1st period - Stopped by Charlie Lindgren without a rebound.
12:52 of 1st period - Brock Nelson wins face-off versus Mason McTavish in Minnesota North Stars zone.
12:54 of 1st period - Minor Penalty to Niko Mikkola for High sticking.
12:55 of 1st period - Ryan Nugent-Hopkins wins face-off versus Mason McTavish in Minnesota North Stars zone.
13:19 of 1st period - Tyler Seguin is hit by Erik Cernak and loses puck.
14:54 of 1st period - Penalty to Niko Mikkola is over, Niko Mikkola is back on ice.
15:08 of 1st period - Ondrej Palat is hit by Gustav Forsling and loses puck.
15:30 of 1st period - Ross Colton is hit by Erik Cernak and loses puck.
15:37 of 1st period - Evgeni Malkin is hit by Ross Colton and loses puck.
16:24 of 1st period - Off-side.
16:25 of 1st period - William Karlsson wins face-off versus Aliaksei Protas in neutral zone.
16:28 of 1st period - Slapshot by Ivan Barbashev.
16:28 of 1st period - Stopped by Elvis Merzlikins with a rebound.
17:11 of 1st period - Snap shot by Kiefer Sherwood.
17:11 of 1st period - Stopped by Charlie Lindgren without a rebound.
17:12 of 1st period - Brock Nelson wins face-off versus Ryan Donato in Minnesota North Stars zone.
17:47 of 1st period - Slapshot by Brock Nelson.
17:47 of 1st period - Deflect By William Eklund.
17:47 of 1st period - Shot Misses the Net.
17:47 of 1st period - Puck is out of play.
17:48 of 1st period - Tyler Bertuzzi wins face-off versus Jack Hughes in Arizona Coyotes zone.
17:57 of 1st period - Snap shot by Mats Zuccarello.
17:57 of 1st period - Goal by Mats Zuccarello - Minnesota North Stars : 0 - Arizona Coyotes : 1.
17:58 of 1st period - Charlie Coyle wins face-off versus Jack Hughes in neutral zone.
18:01 of 1st period - Niko Mikkola is hit by Jared Spurgeon.
18:35 of 1st period - Snap shot by Kent Johnson.
18:35 of 1st period - Stopped by Elvis Merzlikins with a rebound.
19:02 of 1st period - Rasmus Dahlin is hit by Mason McTavish and loses puck.
19:15 of 1st period - Wrist shot by Brock Nelson.
19:15 of 1st period - Shot Blocked by Kiefer Sherwood.
19:17 of 1st period - Snap shot by Matt Roy.
19:17 of 1st period - Deflect By Brock Nelson.
19:17 of 1st period - Stopped by Elvis Merzlikins without a rebound.
19:18 of 1st period - Charlie Coyle wins face-off versus Jack Hughes in Arizona Coyotes zone.
19:29 of 1st period - Wrist shot by Charlie Coyle.
19:29 of 1st period - Stopped by Charlie Lindgren without a rebound.
19:30 of 1st period - Charlie Coyle wins face-off versus Ryan Nugent-Hopkins in Minnesota North Stars zone.
19:45 of 1st period - Ryan Donato is hit by Ryan Nugent-Hopkins and loses puck.
Goals for this period are 0 for Minnesota North Stars vs 1 for Arizona Coyotes.
Shots for this period are 9 for Minnesota North Stars vs 11 for Arizona Coyotes.

2nd period


0:01 of 2nd period - Ryan Nugent-Hopkins wins face-off versus Charlie Coyle in neutral zone.
0:13 of 2nd period - Charlie Coyle is hit by Niko Mikkola.
0:38 of 2nd period - Wrist shot by Mason McTavish.
0:38 of 2nd period - Shot Misses the Net.
0:50 of 2nd period - Aliaksei Protas is hit by Jonathan Marchessault and loses puck.
2:35 of 2nd period - Mattias Janmark is hit by Tyler Seguin.
2:45 of 2nd period - Brayden McNabb is hit by Ivan Barbashev and loses puck.
2:53 of 2nd period - Icing by Charlie Coyle.
2:54 of 2nd period - Charlie Coyle wins face-off versus Jack Hughes in Arizona Coyotes zone.
3:19 of 2nd period - Ross Colton is hit by Valeri Nichushkin and loses puck.
3:44 of 2nd period - Ryan Donato is hit by Niko Mikkola and loses puck.
4:29 of 2nd period - Wrist shot by Frank Vatrano.
4:29 of 2nd period - Stopped by Elvis Merzlikins with a rebound.
4:31 of 2nd period - Wrist shot by Evgeni Malkin.
4:31 of 2nd period - Stopped by Elvis Merzlikins with a rebound.
5:05 of 2nd period - Brayden McNabb is hit by Jonathan Marchessault.
5:17 of 2nd period - Slapshot by William Eklund.
5:17 of 2nd period - Deflect By Jonathan Marchessault.
5:17 of 2nd period - Shot Misses the Net.
5:17 of 2nd period - Puck is out of play.
5:18 of 2nd period - Frank Vatrano wins face-off versus Aliaksei Protas in Arizona Coyotes zone.
5:23 of 2nd period - Snap shot by Jack Hughes.
5:23 of 2nd period - Shot Misses the Net.
5:25 of 2nd period - Snap shot by Rasmus Dahlin.
5:25 of 2nd period - Shot Blocked by Johnathan Kovacevic.
5:27 of 2nd period - Snap shot by Rasmus Dahlin.
5:27 of 2nd period - Stopped by Elvis Merzlikins with a rebound.
5:29 of 2nd period - Snap shot by Evgeni Malkin.
5:29 of 2nd period - Shot Misses the Net.
5:31 of 2nd period - Slapshot by Matt Roy.
5:31 of 2nd period - Deflect By Jack Hughes.
5:31 of 2nd period - Shot Misses the Net.
5:31 of 2nd period - Puck is out of play.
5:32 of 2nd period - Charlie Coyle wins face-off versus Ryan Nugent-Hopkins in Arizona Coyotes zone.
5:36 of 2nd period - Off-side.
5:37 of 2nd period - Ryan Nugent-Hopkins wins face-off versus Charlie Coyle in neutral zone.
5:41 of 2nd period - Snap shot by Valeri Nichushkin.
5:41 of 2nd period - Shot Misses the Net.
5:43 of 2nd period - Slapshot by Kent Johnson.
5:43 of 2nd period - Deflect By Valeri Nichushkin.
5:43 of 2nd period - Shot Misses the Net.
5:43 of 2nd period - Puck is out of play.
5:44 of 2nd period - Ryan Nugent-Hopkins wins face-off versus Tyler Bertuzzi in Arizona Coyotes zone.
5:45 of 2nd period - Snap shot by Valeri Nichushkin.
5:45 of 2nd period - Stopped by Elvis Merzlikins with a rebound.
5:47 of 2nd period - Snap shot by Valeri Nichushkin.
5:47 of 2nd period - Stopped by Elvis Merzlikins with a rebound.
5:51 of 2nd period - Snap shot by Ryan Nugent-Hopkins.
5:51 of 2nd period - Shot Misses the Net.
5:57 of 2nd period - Slapshot by Ryan Nugent-Hopkins.
5:57 of 2nd period - Stopped by Elvis Merzlikins with a rebound.
6:11 of 2nd period - Aliaksei Protas is hit by Erik Cernak and loses puck.
6:16 of 2nd period - Backhand shot by Jonathan Marchessault.
6:16 of 2nd period - Shot Blocked by Brayden McNabb.
6:18 of 2nd period - Slapshot by Brock Nelson.
6:18 of 2nd period - Shot Blocked by Jared Spurgeon.
6:20 of 2nd period - Wrist shot by Matt Roy.
6:20 of 2nd period - Stopped by Elvis Merzlikins without a rebound.
6:21 of 2nd period - Charlie Coyle wins face-off versus Jack Hughes in Arizona Coyotes zone.
6:34 of 2nd period - Wrist shot by Jack Hughes.
6:34 of 2nd period - Shot Misses the Net.
6:46 of 2nd period - Matt Roy is hit by Kiefer Sherwood and loses puck.
6:51 of 2nd period - Snap shot by Mason McTavish.
6:51 of 2nd period - Stopped by Charlie Lindgren with a rebound.
7:59 of 2nd period - Snap shot by Frank Vatrano.
7:59 of 2nd period - Stopped by Elvis Merzlikins with a rebound.
8:17 of 2nd period - Wrist shot by Kiefer Sherwood.
8:17 of 2nd period - Stopped by Charlie Lindgren with a rebound.
8:19 of 2nd period - Snap shot by Kiefer Sherwood.
8:19 of 2nd period - Shot Misses the Net.
8:31 of 2nd period - Slapshot by Aliaksei Protas.
8:31 of 2nd period - Stopped by Charlie Lindgren without a rebound.
8:32 of 2nd period - Brock Nelson wins face-off versus Aliaksei Protas in Minnesota North Stars zone.
8:45 of 2nd period - Wrist shot by Brock Nelson.
8:45 of 2nd period - Stopped by Elvis Merzlikins without a rebound.
8:46 of 2nd period - Jack Hughes wins face-off versus Charlie Coyle in Arizona Coyotes zone.
8:49 of 2nd period - Slapshot by Jack Hughes.
8:49 of 2nd period - Stopped by Elvis Merzlikins with a rebound.
9:32 of 2nd period - Wrist shot by Mason McTavish.
9:32 of 2nd period - Deflect By Tyler Bertuzzi.
9:32 of 2nd period - Shot Blocked by Neal Pionk.
9:32 of 2nd period - Puck is out of play.
9:33 of 2nd period - Brock Nelson wins face-off versus Aliaksei Protas in Minnesota North Stars zone.
10:03 of 2nd period - Slapshot by Rasmus Dahlin.
10:03 of 2nd period - Shot Blocked by Jared Spurgeon.
10:05 of 2nd period - Wrist shot by Frank Vatrano.
10:05 of 2nd period - Stopped by Elvis Merzlikins with a rebound.
10:07 of 2nd period - Slapshot by Rasmus Dahlin.
10:07 of 2nd period - Shot Misses the Net.
10:19 of 2nd period - Matt Roy is hit by Ross Colton and loses puck.
11:11 of 2nd period - Snap shot by Tyler Bertuzzi.
11:11 of 2nd period - Shot Misses the Net.
11:33 of 2nd period - Snap shot by Tyler Seguin.
11:33 of 2nd period - Deflect By Charlie Coyle.
11:33 of 2nd period - Shot Misses the Net.
11:33 of 2nd period - Puck is out of play.
11:34 of 2nd period - Charlie Coyle wins face-off versus Jack Hughes in Minnesota North Stars zone.
11:39 of 2nd period - Wrist shot by Charlie Coyle.
11:39 of 2nd period - Deflect By Ryan Donato.
11:39 of 2nd period - Stopped by Charlie Lindgren without a rebound.
11:40 of 2nd period - Jack Hughes wins face-off versus Charlie Coyle in Minnesota North Stars zone.
11:51 of 2nd period - Snap shot by Charlie Coyle.
11:51 of 2nd period - Shot Misses the Net.
12:17 of 2nd period - Snap shot by Tyler Bertuzzi.
12:17 of 2nd period - Stopped by Charlie Lindgren with a rebound.
12:19 of 2nd period - Slapshot by Mats Zuccarello.
12:19 of 2nd period - Stopped by Charlie Lindgren without a rebound.
12:20 of 2nd period - Brock Nelson wins face-off versus Charlie Coyle in Minnesota North Stars zone.
12:27 of 2nd period - Tyler Seguin is hit by Erik Cernak.
12:37 of 2nd period - Snap shot by William Eklund.
12:37 of 2nd period - Goal by William Eklund - Minnesota North Stars : 1 - Arizona Coyotes : 1.
12:38 of 2nd period - Kiefer Sherwood wins face-off versus Kent Johnson in neutral zone.
12:45 of 2nd period - Wrist shot by Mason McTavish.
12:45 of 2nd period - Stopped by Charlie Lindgren with a rebound.
12:47 of 2nd period - Slapshot by Johnathan Kovacevic.
12:47 of 2nd period - Stopped by Charlie Lindgren without a rebound.
12:48 of 2nd period - Ryan Nugent-Hopkins wins face-off versus Mason McTavish in Minnesota North Stars zone.
12:54 of 2nd period - Minor Penalty to Kiefer Sherwood for Slashing.
12:55 of 2nd period - Evgeni Malkin wins face-off versus Ryan Donato in Arizona Coyotes zone.
14:51 of 2nd period - Evgeni Malkin is hit by Mason McTavish and loses puck.
14:54 of 2nd period - Penalty to Kiefer Sherwood is over, Kiefer Sherwood is back on ice.
15:00 of 2nd period - Wrist shot by Kiefer Sherwood.
15:00 of 2nd period - Stopped by Charlie Lindgren with a rebound.
15:11 of 2nd period - Off-side.
15:12 of 2nd period - William Karlsson wins face-off versus Erik Haula in neutral zone.
15:20 of 2nd period - Icing by Ondrej Palat.
15:21 of 2nd period - Erik Haula wins face-off versus Ryan Nugent-Hopkins in Arizona Coyotes zone.
15:55 of 2nd period - Snap shot by Kent Johnson.
15:55 of 2nd period - Stopped by Elvis Merzlikins without a rebound.
15:56 of 2nd period - Jack Hughes wins face-off versus Charlie Coyle in Arizona Coyotes zone.
16:11 of 2nd period - Slapshot by Charlie Coyle.
16:11 of 2nd period - Shot Misses the Net.
18:28 of 2nd period - Slapshot by Frank Vatrano.
18:28 of 2nd period - Shot Blocked by Tyler Bertuzzi.
18:52 of 2nd period - Backhand shot by Ivan Barbashev.
18:52 of 2nd period - Shot Misses the Net.
18:54 of 2nd period - Slapshot by Niko Mikkola.
18:54 of 2nd period - Shot Blocked by Johnathan Kovacevic.
18:56 of 2nd period - Slapshot by Gustav Forsling.
18:56 of 2nd period - Shot Misses the Net.
18:58 of 2nd period - Snap shot by Mattias Janmark.
18:58 of 2nd period - Stopped by Elvis Merzlikins without a rebound.
18:59 of 2nd period - Brock Nelson wins face-off versus Aliaksei Protas in Arizona Coyotes zone.
19:30 of 2nd period - Slapshot by Jack Hughes.
19:30 of 2nd period - Shot Misses the Net.
19:36 of 2nd period - Snap shot by Frank Vatrano.
19:36 of 2nd period - Stopped by Elvis Merzlikins without a rebound.
19:37 of 2nd period - Mason McTavish wins face-off versus Ryan Nugent-Hopkins in Arizona Coyotes zone.
19:42 of 2nd period - Slapshot by Kiefer Sherwood.
19:42 of 2nd period - Stopped by Charlie Lindgren with a rebound.
19:50 of 2nd period - Wrist shot by Mason McTavish.
19:50 of 2nd period - Shot Misses the Net.
19:52 of 2nd period - Snap shot by Mason McTavish.
19:52 of 2nd period - Shot Misses the Net.
Goals for this period are 1 for Minnesota North Stars vs 0 for Arizona Coyotes.
Shots for this period are 15 for Minnesota North Stars vs 10 for Arizona Coyotes.

3rd period


0:01 of 3rd period - Charlie Coyle wins face-off versus Brock Nelson in neutral zone.
1:13 of 3rd period - Snap shot by Ondrej Palat.
1:13 of 3rd period - Stopped by Charlie Lindgren with a rebound.
1:15 of 3rd period - Slapshot by Jani Hakanpaa.
1:15 of 3rd period - Shot Misses the Net.
1:17 of 3rd period - Snap shot by Anthony DeAngelo.
1:17 of 3rd period - Shot Misses the Net.
1:39 of 3rd period - Wrist shot by Jonathan Marchessault.
1:39 of 3rd period - Shot Blocked by Anthony DeAngelo.
1:41 of 3rd period - Snap shot by Brock Nelson.
1:41 of 3rd period - Stopped by Elvis Merzlikins without a rebound.
1:42 of 3rd period - Jack Hughes wins face-off versus Aliaksei Protas in Arizona Coyotes zone.
2:26 of 3rd period - Minor Penalty to Johnathan Kovacevic for Slashing.
2:27 of 3rd period - Charlie Coyle wins face-off versus Jack Hughes in Arizona Coyotes zone.
2:27 of 3rd period - Charlie Coyle is hit by Jonathan Marchessault.
3:17 of 3rd period - Evgeni Malkin is hit by Ryan Donato and loses puck.
3:30 of 3rd period - Slapshot by Brock Nelson.
3:30 of 3rd period - Shot Misses the Net.
4:04 of 3rd period - Icing by Rasmus Dahlin.
4:05 of 3rd period - Jack Hughes wins face-off versus Charlie Coyle in Minnesota North Stars zone.
4:26 of 3rd period - Penalty to Johnathan Kovacevic is over, Johnathan Kovacevic is back on ice.
4:44 of 3rd period - Wrist shot by William Karlsson.
4:44 of 3rd period - Shot Misses the Net.
4:46 of 3rd period - Slapshot by Niko Mikkola.
4:46 of 3rd period - Shot Misses the Net.
4:48 of 3rd period - Slapshot by Neal Pionk.
4:48 of 3rd period - Shot Hit the Post.
4:58 of 3rd period - Mason McTavish is hit by Valeri Nichushkin.
6:07 of 3rd period - Snap shot by Brock McGinn.
6:07 of 3rd period - Stopped by Charlie Lindgren with a rebound.
6:09 of 3rd period - Wrist shot by Ondrej Palat.
6:09 of 3rd period - Shot Misses the Net.
6:11 of 3rd period - Slapshot by Johnathan Kovacevic.
6:11 of 3rd period - Shot Blocked by Matt Roy.
6:28 of 3rd period - Off-side.
6:29 of 3rd period - Charlie Coyle wins face-off versus Jack Hughes in neutral zone.
6:36 of 3rd period - Snap shot by Tyler Seguin.
6:36 of 3rd period - Shot Blocked by Erik Cernak.
8:05 of 3rd period - Wrist shot by Ryan Nugent-Hopkins.
8:05 of 3rd period - Shot Misses the Net.
8:19 of 3rd period - Wrist shot by Ryan Donato.
8:19 of 3rd period - Goal by Ryan Donato - Minnesota North Stars : 1 - Arizona Coyotes : 2.
8:20 of 3rd period - Jack Hughes wins face-off versus Aliaksei Protas in neutral zone.
8:22 of 3rd period - Minor Penalty to Frank Vatrano for Holding.
8:23 of 3rd period - William Karlsson wins face-off versus Charlie Coyle in Minnesota North Stars zone.
8:31 of 3rd period - Wrist shot by William Karlsson.
8:31 of 3rd period - Deflect By Mattias Janmark.
8:31 of 3rd period - Stopped by Elvis Merzlikins without a rebound.
8:32 of 3rd period - Charlie Coyle wins face-off versus William Karlsson in Arizona Coyotes zone.
9:06 of 3rd period - Slapshot by Jared Spurgeon.
9:06 of 3rd period - Stopped by Charlie Lindgren with a rebound.
9:08 of 3rd period - Snap shot by Charlie Coyle.
9:08 of 3rd period - Deflect By Tyler Seguin.
9:08 of 3rd period - Stopped by Charlie Lindgren with a rebound.
10:15 of 3rd period - Snap shot by Valeri Nichushkin.
10:15 of 3rd period - Shot Misses the Net.
10:22 of 3rd period - Penalty to Frank Vatrano is over, Frank Vatrano is back on ice.
11:24 of 3rd period - Brock McGinn is hit by Frank Vatrano and loses puck.
11:47 of 3rd period - Jared Spurgeon is hit by Brock Nelson and loses puck.
12:05 of 3rd period - Minor Penalty to Johnathan Kovacevic for Roughing.
12:06 of 3rd period - Evgeni Malkin wins face-off versus Tyler Seguin in Arizona Coyotes zone.
12:14 of 3rd period - Wrist shot by Brock Nelson.
12:14 of 3rd period - Shot Misses the Net.
12:16 of 3rd period - Slapshot by Matt Roy.
12:16 of 3rd period - Shot Misses the Net.
12:18 of 3rd period - Snap shot by Matt Roy.
12:18 of 3rd period - Deflect By Brock Nelson.
12:18 of 3rd period - Shot Blocked by Brayden McNabb.
12:18 of 3rd period - Puck is out of play.
12:19 of 3rd period - Aliaksei Protas wins face-off versus Jack Hughes in Arizona Coyotes zone.
14:05 of 3rd period - Penalty to Johnathan Kovacevic is over, Johnathan Kovacevic is back on ice.
14:26 of 3rd period - Gustav Forsling is hit by Radko Gudas and loses puck.
14:35 of 3rd period - Niko Mikkola is hit by Mason McTavish.
15:06 of 3rd period - Ivan Barbashev is hit by Mason McTavish and loses puck.
15:31 of 3rd period - Mattias Janmark is hit by Erik Haula and loses puck.
16:17 of 3rd period - Erik Haula is hit by Ivan Barbashev and loses puck.
16:26 of 3rd period - Snap shot by William Karlsson.
16:26 of 3rd period - Shot Misses the Net.
16:46 of 3rd period - Off-side.
16:47 of 3rd period - Brock Nelson wins face-off versus Charlie Coyle in neutral zone.
16:50 of 3rd period - Slapshot by Rasmus Dahlin.
16:50 of 3rd period - Stopped by Elvis Merzlikins with a rebound.
16:52 of 3rd period - Snap shot by William Eklund.
16:52 of 3rd period - Stopped by Elvis Merzlikins without a rebound.
16:53 of 3rd period - Brock Nelson wins face-off versus Charlie Coyle in Arizona Coyotes zone.
17:04 of 3rd period - Snap shot by Jonathan Marchessault.
17:04 of 3rd period - Stopped by Elvis Merzlikins without a rebound.
17:05 of 3rd period - Brock Nelson wins face-off versus Charlie Coyle in Arizona Coyotes zone.
17:06 of 3rd period - Wrist shot by William Eklund.
17:06 of 3rd period - Deflect By Jonathan Marchessault.
17:06 of 3rd period - Stopped by Elvis Merzlikins with a rebound.
17:08 of 3rd period - Snap shot by Niko Mikkola.
17:08 of 3rd period - Goal by Niko Mikkola - Minnesota North Stars : 2 - Arizona Coyotes : 2.
17:09 of 3rd period - Ryan Donato wins face-off versus William Eklund in neutral zone.
17:12 of 3rd period - Niko Mikkola is hit by Charlie Coyle and loses puck.
17:21 of 3rd period - Snap shot by Tyler Seguin.
17:21 of 3rd period - Stopped by Charlie Lindgren without a rebound.
17:22 of 3rd period - Brock Nelson wins face-off versus Charlie Coyle in Minnesota North Stars zone.
17:37 of 3rd period - Wrist shot by Charlie Coyle.
17:37 of 3rd period - Shot Blocked by Gustav Forsling.
17:44 of 3rd period - Icing by Brock Nelson.
17:45 of 3rd period - Aliaksei Protas wins face-off versus Brock Nelson in Minnesota North Stars zone.
17:48 of 3rd period - Snap shot by Mats Zuccarello.
17:48 of 3rd period - Shot Blocked by Gustav Forsling.
17:50 of 3rd period - Wrist shot by Johnathan Kovacevic.
17:50 of 3rd period - Shot Blocked by Niko Mikkola.
Goals for this period are 1 for Minnesota North Stars vs 1 for Arizona Coyotes.
Shots for this period are 7 for Minnesota North Stars vs 6 for Arizona Coyotes.

Overtime #1


0:01 of 1st overtime period - Charlie Coyle wins face-off versus Jack Hughes in neutral zone.
0:04 of 1st overtime period - Slapshot by Johnathan Kovacevic.
0:04 of 1st overtime period - Deflect By Rasmus Dahlin.
0:04 of 1st overtime period - Stopped by Charlie Lindgren with a rebound.
0:09 of 1st overtime period - Off-side.
0:10 of 1st overtime period - Charlie Coyle wins face-off versus Jack Hughes in neutral zone.
0:13 of 1st overtime period - Snap shot by Charlie Coyle.
0:13 of 1st overtime period - Shot Misses the Net.
0:21 of 1st overtime period - Slapshot by Charlie Coyle.
0:21 of 1st overtime period - Shot Misses the Net.
0:29 of 1st overtime period - Snap shot by Jack Hughes.
0:29 of 1st overtime period - Goal by Jack Hughes - Minnesota North Stars : 3 - Arizona Coyotes : 2.
Goals for this period are 1 for Minnesota North Stars vs 0 for Arizona Coyotes.
Shots for this period are 1 for Minnesota North Stars vs 1 for Arizona Coyotes.